AoeStats
← ✪Lucho Jaraツ

MegaRandom

506923161Analyzed
2v2 RM · 16d ago on Sep 15, 2026· 46m 18s· 4 players
Game mode
Random Map
Map size
Medium (4 player)
Population
200
Speed
Normal
Resources
Standard
Victory
Conquest
Starting age
Dark Age
Ending age
Imperial Age
RankedLock teamsTeams togetherTeam positionsShared explorationLock speedFull tech treeHidden civsTurbo modeCheats
Victory
Defeat
🇦🇷 Italians · Argentina
1129
+17
🇦🇷 Mongols · Argentina
1121
+17
🇨🇱 Wu · Chile
1177
-18
🇨🇱 Slavs · Chile
1124
-16
NachoV
5:32 Loom
11:44 Feudal Age
16:19 Castle Age
14:17 Double-Bit Axe
15:29 Fishing Lines
16:00 Fletching
18:24 Bodkin Arrow
18:38 Town Watch
21:14 Wheelbarrow
21:44 Treadmill Crane
22:15 Horse Collar
22:58 Ballistics
24:39 Bow Saw
26:11 Gold Mining
26:14 Stone Mining
30:19 Imperial Age
28:29 Padded Archer Armor
29:25 Thumb Ring
29:47 Leather Archer Armor
31:20 Bracer
31:29 Heavy Plow
33:25 Elite Skirmisher
34:38 Ring Archer Armor
36:12 Chemistry
35:41 Hand Cart
34:52 Crossbowman
35:45 Forging
35:38 Scale Mail Armor
35:42 Squires
35:28 Arson
35:53 Arbalester
44:59 Town Patrol
fedeb.90
5:08 Loom
11:33 Feudal Age
12:39 Double-Bit Axe
15:00 Town Watch
18:00 Castle Age
16:24 Fletching
16:58 Gold Mining
16:51 Horse Collar
19:05 Bow Saw
19:09 Medium Warships
19:37 Bodkin Arrow
21:33 Stone Mining
23:03 Heavy Plow
24:42 Wheelbarrow
29:11 Imperial Age
27:39 Forging
27:55 Ballistics
28:24 Hand Cart
29:06 Iron Casting
29:53 Bloodlines
30:56 Chemistry
31:35 Elite Steppe Lancer
33:19 Blast Furnace
33:23 Bracer
34:28 Scale Barding Armor
34:54 Conscription
35:05 Husbandry
h33posk
10:19 Feudal Age
10:30 Loom
12:20 Double-Bit Axe
18:36 Castle Age
18:12 Stone Mining
20:23 Wheelbarrow
20:05 Bow Saw
26:18 Wheelbarrow
25:49 Detinets
26:14 Horse Collar
28:07 Town Watch
29:24 Ballistics
32:52 Imperial Age
31:31 Hand Cart
32:40 Coinage
33:24 Heavy Plow
35:11 Two-Man Saw
33:56 Light Cavalry
34:46 Bloodlines
34:36 Husbandry
34:08 Elite Skirmisher
36:25 Chemistry
36:07 Fletching
36:18 Padded Archer Armor
36:25 Padded Archer Armor
38:19 Masonry
38:46 Conscription
39:14 Bodkin Arrow
39:34 Leather Archer Armor
39:32 Forging
39:22 Scale Mail Armor
39:27 Scale Barding Armor
39:28 Gold Mining
39:11 Pikeman
39:51 Squires
41:49 Chain Mail Armor
42:10 Iron Casting
40:57 Halberdier
41:39 Druzhina
✪Lucho Jaraツ
9:42 Feudal Age
8:37 Loom
10:23 Feudal Age
16:24 Castle Age
14:54 Double-Bit Axe
14:51 Horse Collar
16:34 Gold Mining
20:05 Fletching
20:16 Padded Archer Armor
22:21 Bow Saw
23:20 Stone Mining
26:18 Wheelbarrow
25:28 Town Watch
26:40 Bodkin Arrow
28:12 Leather Archer Armor
30:28 Forging
31:50 Scale Mail Armor
32:13 Arson
36:51 Imperial Age
36:12 Chain Mail Armor
36:54 Ballistics
37:09 Hand Cart
38:05 Conscription
37:59 Sitting Tiger
38:04 Husbandry
38:15 Bloodlines
38:41 Bracer
39:44 Chemistry
38:55 Masonry
38:36 Heavy Hei Guang Cavalry
41:56 Scale Barding Armor
42:26 Iron Casting
42:27 Treadmill Crane
43:18 Architecture
42:54 Elite Fire Archer
43:10 Elite Skirmisher
Connection lost

Rejoining the realm…

Still unreachable

The connection could not be restored.

Session expired

The server has moved on; the page needs a fresh start.